 Dungeon Sprint DCSS version 0.27.1-33-g824d729ab1 (webtiles) character file.

Game seed: 5116699632240809241

3431 manyhoops the Tortoise (level 9, -6/111 HPs)
             Began as a Deep Dwarf Berserker on Nov 27, 2021.
             Was a High Priest of Trog.
             Succumbed to a redback's poison
             ... in the Dungeon (Sprint I: "Red Sonja").
             The game lasted 00:02:31 (1117 turns).

manyhoops the Tortoise (Deep Dwarf Berserker)       Turns: 1117, Time: 00:02:31

Health: -6/111     AC:  7    Str: 24    XL:     9   Next: 77%
Magic:  6/6        EV: 12    Int:  8    God:    Trog [*****.]
Gold:   414        SH:  0    Dex: 12    Spells: 8/8 levels left

rFire    . . .     SeeInvis .   a - +0 hand axe
rCold    . . .     Faith    .   (no shield)
rNeg     . . .     Spirit   .   j - +0 leather armour
rPois    .         Reflect  .   (no helmet)
rElec    .         Harm     .   (no cloak)
rCorr    .         Rampage  .   l - +0 pair of gloves
Will     +....     NoTele   +   (no boots)
Stlth    ..........             (no amulet)
HPRegen  0.00/turn              (no ring)
MPRegen  0.10/turn              (no ring)

@: berserking, lethally poisoned (-6 -> -46), very quick
A: damage resistance, heal wounds, sense surroundings 2, no regeneration
a: Heal Wounds, Renounce Religion, Berserk, Trog's Hand, Brothers in Arms


You were in the Dungeon.
You worshipped Trog.
Trog was extremely pleased with you.
You visited 1 branch You collected 459 gold pieces.
You spent 45 gold pieces at shops.

Inventory:

Hand Weapons
 a - a +0 hand axe (weapon)
Armour
 j - a +0 leather armour (worn)
 l - a +0 pair of gloves (worn)
Scrolls
 b - a scroll of immolation {unknown}
 h - a scroll of blinking
 k - 2 scrolls of fog {unknown}
Potions
 c - 2 potions of curing
 e - a potion of haste
 f - 2 potions of magic
 g - a potion of berserk rage
 i - 2 potions of attraction {unknown}


   Skills:
 - Level 2.6 Fighting
 - Level 15.1 Axes
 + Level 18.1 Armour
 - Level 2.1 Dodging


You had 8 spell levels left.
You didn't know any spells.
Your spell library was empty.

Dungeon Overview and Level Annotations

Branches:
Dungeon (1/1)

Altars:
Cheibriados
Dithmenos
Elyvilon
Fedhas
Gozag
Hepliaklqana
Kikubaaqudgha
Makhleb
Nemelex Xobeh
Okawaru
Qazlal
Ru
Sif Muna
Trog
Uskayaw
Vehumet
Wu Jian
Xom
Yredelemnul
Zin
The Shining One
Jiyva
Lugonu

Shops:
D [


Innate Abilities, Weirdness & Mutations

You are resistant to damage.
You can heal yourself by infusing magical energy.
You passively map the area around you.
You do not regenerate.


Message History

You are poisoned.
The redback poisons you!
You slash the redback!
You feel the power of Trog in you as your rage grows.
You kill the redback!
Trog accepts your kill.
You feel very sick.
You feel very sick. The redback bites you.
* * * LOW HITPOINT WARNING * * *
You closely miss the redback.
You feel very sick. The redback closely misses you.
You slash the redback!
The redback is moderately wounded.
You feel very sick.
You slash the redback!
The redback is severely wounded.
You feel sick. The redback bites you!
* * * LOW HITPOINT WARNING * * *
You are lethally poisoned!
The redback poisons you!
You hit the redback.
The redback is almost dead.
* * * LOW HITPOINT WARNING * * *
You feel extremely sick. The redback misses you.
You slash the redback!
You kill the redback!
Trog accepts your kill.
Trog will now gift you melee weapons as you gain piety.
* * * LOW HITPOINT WARNING * * *
You feel very sick.
Your Armour skill increases to level 18!
You are too berserk!
You are too berserk!
You are too berserk!
Okay, then.
You are too berserk!
You die...

#####'#__####...+
, * *
#...#.####§§#####
+ #..##§#§§§§§#§§#
* , *,
##'#_.§§≈§.§§§.# ,
, ,
.'..._#≈§≈§.#§.# ,
^ ,* ,*
##_.#'##+#####'###
, ^ , , ###+#.#, *
#.'$#, ^ * + * * #
### +** ###$# * *
,, , ,,,, ,∩ #@#
** ,* * ,, * ** *
#$#* , , * * ,
,*#.# , ,, , *+ ,*
,,, +§# , , , * *
++ * * #§#, , *,,,
, #§#** , * , ** ,
* , ,, ,,,≈ ** , *
≈≈ , * *


There were no monsters in sight!

Vanquished Creatures
  2 centaur warriors (D)
  An oklob plant (D)
  2 kobold demonologists (D)
  A hornet (D)
  A slime creature (D)
  2 redbacks (D)
  Sigmund (D)
  A yak (D)
  A floating eye (D)
  An ogre (D)
  A jelly (D)
  Ijyb (D)
15 creatures vanquished.

Notes
Turn   | Place    | Note
-------+----------+-------------------------------------------
     0 | D        | manyhoops the Deep Dwarf Berserker began the quest for the
                  | Orb.
     0 | D        | Reached XP level 1. HP: 20/20 MP: 1/1
     2 | D        | Noticed Ijyb
     8 | D        | Killed Ijyb
     9 | D        | Reached XP level 2. HP: 27/27 MP: 2/2
    50 | D        | Noticed an ogre
    55 | D        | Killed an ogre
    56 | D        | Reached skill level 10 in Axes
    56 | D        | Reached XP level 3. HP: 24/33 MP: 3/3
    56 | D        | Reached XP level 4. HP: 29/40 MP: 4/4
   409 | D        | Noticed Sigmund
   414 | D        | Killed Sigmund
   414 | D        | Reached ** piety under Trog
   415 | D        | Reached XP level 5. HP: 46/46 MP: 5/5
   415 | D        | Reached XP level 6. HP: 55/55 MP: 6/6
   460 | D        | Found an ornate altar of the Wu Jian Council.
   460 | D        | Found a shimmering blue altar of Sif Muna.
   462 | D        | Found a radiant altar of Vehumet.
   526 | D        | Found Laetal's Armour Emporium.
   526 | D        | Found an ancient bone altar of Kikubaaqudgha.
   526 | D        | Found a hazy altar of Hepliaklqana.
   526 | D        | Found a stormy altar of Qazlal.
   526 | D        | Found a hide-covered altar of Uskayaw.
   526 | D        | Found a blossoming altar of Fedhas.
   526 | D        | Found a bloodstained altar of Trog.
   526 | D        | Found an iron altar of Okawaru.
   526 | D        | Found a basalt altar of Yredelemnul.
   526 | D        | Found a glowing golden altar of the Shining One.
   526 | D        | Found a snail-covered altar of Cheibriados.
   526 | D        | Found a sacrificial altar of Ru.
   526 | D        | Found a glowing silver altar of Zin.
   526 | D        | Found a shadowy altar of Dithmenos.
   526 | D        | Found a white marble altar of Elyvilon.
   526 | D        | Noticed a yak
   535 | D        | Killed a yak
   536 | D        | Reached skill level 15 in Axes
   536 | D        | Found an opulent altar of Gozag.
   537 | D        | Found a sparkling altar of Nemelex Xobeh.
   672 | D        | Bought a +0 pair of gloves for 45 gold pieces
   690 | D        | Found a burning altar of Makhleb.
   690 | D        | Found a viscous altar of Jiyva.
   690 | D        | Found a shimmering altar of Xom.
   690 | D        | Found a corrupted altar of Lugonu.
   690 | D        | Noticed a slime creature
   697 | D        | Killed a slime creature
   697 | D        | Reached *** piety under Trog
   698 | D        | Reached skill level 7 in Armour
   698 | D        | Reached XP level 7. HP: 57/61 MP: 7/7
   749 | D        | Noticed a kobold demonologist
   750 | D        | Noticed a kobold demonologist
   758 | D        | Killed a kobold demonologist
   758 | D        | Paralysed by a floating eye for 3 turns
   759 | D        | Reached skill level 10 in Armour
   761 | D        | Noticed a ynoxinul
   770 | D        | Killed a kobold demonologist
   771 | D        | Reached skill level 11 in Armour
   771 | D        | Reached XP level 8. HP: 68/68 MP: 8/8
   774 | D        | Reached **** piety under Trog
   775 | D        | Reached skill level 12 in Armour
   826 | D        | Noticed a centaur warrior
   828 | D        | Noticed a centaur warrior
   850 | D        | Killed a centaur warrior
   851 | D        | Reached skill level 14 in Armour
   851 | D        | Killed a centaur warrior
   852 | D        | Reached skill level 16 in Armour
   852 | D        | Gained mutation: You passively map the area around you.
                  | [Deep Dwarf growth]
   852 | D        | Reached XP level 9. HP: 68/74 MP: 7/7
  1012 | D        | Reached skill level 17 in Armour
  1052 | D        | Noticed an oklob plant
  1064 | D        | Killed an oklob plant
  1116 | D        | Reached ***** piety under Trog
  1116 | D        | HP: 4/111 [poisoned by a redback]
  1117 | D        | Reached skill level 18 in Armour
  1117 | D        | Succumbed to a redback's poison

Illustrated notes

Levels and vault maps discovered:
D:        dungeon_sprint_1 [red_sonja_temple_1, red_sonja_temple_small_1]

Skill      XL: |  1  2  3  4  5  6  7  8  9 |
---------------+----------------------------+-----
Axes           | 7 10 13 15 | 15.1
Armour         | 7 11 16 18 | 18.1
Fighting       | |  2.6
Dodging        | |  2.1

Action                   |  1- 3 |  4- 6 |  7- 9 || total
-------------------------+-------+-------+-------++-------
Melee: Hand axe          |     9 |    19 |    61 ||    89
Invok: Berserk           |     2 |     4 |     5 ||    11
       Trog's Hand       |       |       |     1 ||     1
 Abil: Heal Wounds       |       |     1 |     6 ||     7
  Use: Potion            |       |       |     1 ||     1
Armor: Leather armour    |       |     1 |    29 ||    30
Dodge: Dodged            |     1 |     4 |    30 ||    35
